Match 46710529
Unlisted

Match 46710529
End
Vickers Machine Gun Team
Construct Section Command Post
Infantry Section
Dingo Light Scout Car
Infantry Section
Infantry Section
Royal Engineer Section
Construct Platoon Command Post
6-pounder Anti-tank Gun Team
Grenade Package
Construct Company Command Post
Selects Heavy Armor Battlegroup
Selects Rigorous Vehicle Training
Selects Light Vehicle Withdraw and Refit
Selects UNKNOWN (202330)
Crusader AA Medium Tank
Crusader AA Medium Tank
Foot Guards Section
Olg
rocketpossum
Silver G.
JBoss
0
0

Comments sign in to comment!

No comments posted yet!